 Dungeon Crawl Stone Soup version 0.26-a0-651-gb41185065b (webtiles) character file.

Game seed: 3952638066582165406

214135 Flugslaktarn the Severer (level 17, -26/136 HPs)
             Began as a Deep Dwarf Fighter on Oct 12, 2020.
             Was the Champion of Makhleb.
             Killed from afar by a quicksilver dragon (28 damage)
             ... with a bolt of dispelling energy
             ... on level 3 of the Abyss.
             The game lasted 00:18:17 (18720 turns).

Flugslaktarn the Severer (Deep Dwarf Fighter)      Turns: 18720, Time: 00:18:18

Health: -26/136    AC: 19    Str: 17      XL:     17   Next: 83%
Magic:  0/0        EV: 11    Int:  8 (9)  God:    Makhleb [******]
Gold:   2493       SH: 19    Dex: 14 (15) Spells: 16/16 levels left

rFire    + + +     SeeInvis .   a - +2 broad axe (elec)
rCold    + + .     Faith    .   h - +0 tower shield
rNeg     + . .     Spirit   .   C - +0 plate armour {rC+}
rPois    .         Reflect  .   m - +2 helmet {Int+3}
rElec    +         Harm     .   f - +2 cloak
rCorr    .         Rampage  .   Q - +0 pair of gloves "Pocet" {rElec}
MR       ++...     Rnd*Rage +   E - +2 pair of boots Stlth ..........Rnd*Tele +
                                B - amulet "Xoneles" {Acrobat rF++}
HPRegen  0.00/turn              G - ring "Tack" {+Blink rF+}
MPRegen  0.07/turn              v - +4 ring of evasion

@: corroded, non-regenerating
A: damage resistance, heal wounds, agile 1, [berserk 2], [blurry vision 3],
[clumsy 2], cold resistance 1, [deformed body], [deterioration 2], [dopey 2],
fire resistance 1, [frail 2], low mp 2[+1], negative energy resistance 1, sense
surroundings 2, screaming 1[+2], [teleportitis 2], [weak 2], [no potion heal 3],
subdued magic 1[+2], no regeneration
}: 2/15 runes: decaying, serpentine
a: Heal Wounds, Minor Destruction, Lesser Servant of Makhleb, Major Destruction,
Greater Servant of Makhleb, Renounce Religion, Evoke Blink


You were on level 3 of the Abyss.
You worshipped Makhleb.
Makhleb was exalted by your worship.
You visited 6 branches of the dungeon, and saw 29 of its levels.
You visited the Abyss 1 time.
You also visited: Ossuary and Gauntlet.

You collected 3286 gold pieces.
You spent 793 gold pieces at shops.

Inventory:

Hand Weapons
 a - a +2 broad axe of electrocution (weapon)
   (You acquired it on level 2 of the Lair of Beasts)
 b - a +1 dagger of distortion
   (You took it off Sonja on level 13 of the Dungeon)
Missiles
 j - 7 throwing nets (quivered)
Armour
 c - a +0 kite shield
 f - a +2 cloak (worn)
   (You found it on level 1 of the Dungeon)
 h - a +0 tower shield (worn)
   (You found it on level 4 of the Dungeon)
 m - a +2 helmet of intelligence (worn)
   (You found it on level 12 of the Dungeon)
 C - a +0 plate armour of cold resistance (worn)
   (You took it off Donald on level 3 of the Snake Pit)
 E - a +2 pair of boots (worn)
   (You found it on level 11 of the Dungeon)
 Q - the +0 pair of gloves "Pocet" (worn) {rElec}
   (You found it in a Gauntlet)

   It insulates you from electricity.
Jewellery
 i - an uncursed ring of see invisible
   (You found it on level 15 of the Dungeon)
 v - a +4 ring of evasion (right hand)
   (You found it on level 15 of the Dungeon)
 B - the amulet "Xoneles" (around neck) {Acrobat rF++}
   (You took it off a skeletal warrior on level 11 of the Dungeon)

   [amulet of the acrobat]

   It helps you evade while moving and waiting.
   It greatly protects you from fire.
 G - the ring "Tack" (left hand) {+Blink rF+}
   (You found it on level 11 of the Dungeon)

   [ring of protection from fire]

   It protects you from fire.
   It lets you blink.
Wands
 g - a wand of digging (4)
   (You found it on level 11 of the Dungeon)
 p - a wand of iceblast (18)
   (You found it on level 4 of the Dungeon)
Scrolls
 e - 2 scrolls of silence
 k - 4 scrolls of immolation
 l - 4 scrolls of magic mapping
 o - 3 scrolls of fear
 r - 7 scrolls of identify
 t - 13 scrolls of teleportation
 x - 10 scrolls of remove curse
 z - 2 scrolls of blinking
 D - a scroll of enchant weapon
 H - a scroll of enchant armour
 M - 4 scrolls of fog
 N - 2 scrolls of summoning
 O - a scroll of vulnerability
Potions
 d - a potion of might
 n - a potion of resistance
 q - 2 potions of curing
 s - 4 potions of lignification
 u - 4 potions of flight
 w - 2 potions of heal wounds
 y - 2 potions of mutation
 A - 3 potions of ambrosia
 I - 2 potions of berserk rage
 K - 5 potions of invisibility
Miscellaneous
 F - a condenser vane (2/2)
   (You found it in a Gauntlet)


   Skills:
 * Level 15.5 Fighting
 - Level 18.0 Axes
 + Level 13.4 Armour
 - Level 7.6 Dodging
 * Level 15.1 Shields
 + Level 14.6 Invocations
 - Level 10.0 Evocations


You had 16 spell levels left.
You didn't know any spells.
Your spell library was empty.

Dungeon Overview and Level Annotations

Branches:
Dungeon (15/15)            Temple (1/1) D:4            Lair (3/6) D:9
  Swamp (4/4) Lair:3        Snake (4/4) Lair:2          Orc (2/2) D:11
    Elf (0/3) Orc:2        Vaults (0/5) D:13         Depths (0/5) D:15
Ossuary (visited)         Gauntlet (visited)

Altars:
Ashenzari
Cheibriados
Dithmenos
Elyvilon
Makhleb
Nemelex Xobeh
Okawaru
Ru
Xom
The Shining One

Shops:
D:7 ?   Orc:2 :*(!   Snake:2 ?

Portals:
Pandemonium: Orc:2
Trove: D:14 (give +3 storm dragon scales)

Annotations:
D:15 exclusion: orange crystal statue
Lair:1 exclusion: oklob plant
Swamp:1 1 runed translucent door
Snake:3 1 transporter


Innate Abilities, Weirdness & Mutations

You are resistant to damage.
You can heal yourself by infusing magical energy.
You resist negative energy. (rN+)
You passively map the area around you.
You do not regenerate.
You are agile. (Dex +2)
Your flesh is cold resistant. (rC+)
Your flesh is heat resistant. (rF+)
[You often lose your temper in combat.]
[Scrolls take you much longer to read.]
[You are very clumsy. (Dex -4)]
[Armour fits poorly on your strangely shaped body.]
[Your body often deteriorates upon taking damage.]
[You are very dopey. (Int -4)]
[You are very frail. (-20% HP)]
[Your magical capacity is extremely low. (-30% MP)]
[You frequently scream uncontrollably at your foes.]
[You are sometimes teleported next to monsters.]
[You are very weak. (Str -4)]
[Potions cannot restore your health.]
[Your spells are much easier to cast, but much less powerful.]


Message History

You block the rust devil's attack.
The wretched star pulses with an eldritch light!
You feel stupid. x2; You feel less energetic.
The quicksilver dragon barely misses you.
The quicksilver dragon claws you.
You continue reading the scroll.
You block the quicksilver dragon's attack.
The quicksilver dragon claws you but does no damage.
You block the rust devil's attack.
The wretched star pulses with an eldritch light!
You feel a little pissed off.
You feel angry.
Press: ? - help, Dir - move target cursor
As you read the scroll of blinking, it crumbles to dust.
That would not heal you.
The crimson imp blinks!
There is a gateway leading deeper into the Abyss here.
The quicksilver dragon breathes dispelling energy at you.
The bolt of dispelling energy hits you!!
Your magical effects are unravelling.
You die...

. ..## # . ....
#... #.#.....#.
.. .# .... .
##..###.. .. .
... #.X#.
#.##### ... . .
#.# ..####.## .
#.##
#..4ยง.D.#.# #
. #..#D##..# #
..# .##...##.##
..##..#..@#
#.5.........#
....##..##.#..#
.. ..5# .. #..#
# . . .#....##
.#.......##. #
... ..## #.
#...## .#


You could see a quicksilver dragon (catching breath) and a crimson imp.

Vanquished Creatures
  the Lernaean hydra (Swamp:4)
  Vashnia (Snake:4)
  Jorgrun (D:15)
  2 thorn hunters
  Donald (Snake:3)
  2 nagarajas (Snake:4)
  Louise (Snake:1)
  Aizul (Snake:4)
  A starcursed mass (Abyss:3)
  A minotaur (Gauntlet)
  A fire dragon (D:15)
  Josephine (D:13)
  6 hydras
  2 vault guards (D:13)
  Harold (D:11)
  2 shambling mangroves
  A death knight (D:14)
  9 naga warriors
  2 centaur warriors (D:13)
  A catoblepas (D:13)
  5 two-headed ogres
  14 anacondas
  7 alligators
  A queen ant (Lair:3)
  A thrashing horror (Abyss:3)
  A hell hog (Gauntlet)
  Urug (Orc:1)
  8 orc high priests (Orc:2)
  8 naga sharpshooters
  5 shock serpents
  Sonja (D:13)
  A wretched star (Abyss:3)
  A fire crab (shapeshifter) (D:13)
  5 salamander mystics (Snake:4)
  A sixfirhy (Orc:2)
  3 unseen horrors
  A wizard (D:15)
  A gelid demonspawn (Orc:2)
  9 naga ritualists
  7 swamp dragons
  3 lindwurms (Snake:4)
  A deep elf archer (D:11)
  5 orc knights (Orc:2)
  Pikel (D:6)
  14 mana vipers
  3 deep elf magi (D:15)
  4 orc sorcerers (Orc:2)
  5 cyclopes
  11 ugly things
  10 elephants (Lair:3)
  3 salamanders
  17 naga magi
  3 manticores
  Maurice (D:11)
  5 guardian serpents (Snake:4)
  37 black mambas
  4 centaur skeletons
  2 rust devils (Orc:2)
  6 cane toads
  A gargoyle (D:11)
  A komodo dragon (shapeshifter) (D:13)
  3 rime drakes
  A freezing wraith (D:14)
  6 komodo dragons
  3 tengu conjurers
  A redback zombie (D:12)
  A red devil (Orc:2)
  6 hornets
  A queen bee (Gauntlet)
  A harpy zombie (D:14)
  8 trolls
  A hornet (shapeshifter) (D:13)
  3 tyrant leeches
  9 blink frogs
  3 raiju (Abyss:3)
  8 hippogriffs
  3 bog bodies
  11 slime creatures
  2 meliai zombies
  A spriggan (shapeshifter) (D:15)
  A vampire (D:14)
  8 wraiths
  2 shadows
  2 large abominations (Abyss:3)
  A small abomination (Abyss:3)
  3 water elementals (D:14)
  4 fire bats (Gauntlet)
  23 yaks
  A wyvern (D:11)
  4 basilisks
  Grum (D:8)
  A steam dragon (D:11)
  2 chaos spawn
  3 neqoxecs
  Edmund (D:6)
  7 vampire mosquitoes
  3 wargs
  37 nagas
  16 soldier ants
  14 swamp worms
  3 acid dragons
  7 insubstantial wisps
  A hell hound (Gauntlet)
  7 water moccasins
  4 porcupines (D:9)
  4 black bears
  10 swamp drakes
  A sky beast (D:5)
  33 orc warriors
  2 ice beasts
  A phantom (D:13)
  14 ogres
  3 necrophages
  4 centaurs
  7 wolves
  4 crocodiles
  A lemure (D:6)
  A big kobold (D:14)
  18 bullfrogs
  A wyvern skeleton (D:11)
  3 scorpions
  30 killer bees
  14 wights
  2 electric eels (D:14)
  5 howler monkeys
  3 quasits
  A bullfrog zombie (Ossuary)
  4 centaur zombies
  3 jellies
  19 orc priests
  5 bullfrog skeletons
  5 hounds
  19 orc wizards
  9 iguanas
  37 worker ants
  A killer bee zombie (Ossuary)
  A centaur simulacrum (D:11)
  12 mummies (Ossuary)
  4 hound zombies (Ossuary)
  A hound skeleton (D:4)
  Robin (D:2)
  A howler monkey zombie (D:10)
  3 worker ant zombies
  4 gnolls (D:7)
  8 adders
  A shadow imp (D:10)
  4 white imps
  2 ufetubi
  3 adder zombies
  2 worms (D:4)
  A dart slug (D:4)
  2 leopard geckos
  99 orcs
  A ball python (D:4)
  3 giant cockroaches
  3 hobgoblins
  2 jackals (D:4)
  2 quokkas
  4 bats
  3 frilled lizards
  13 goblins
  A jackal zombie (Ossuary)
  3 leopard gecko zombies
  3 quokka zombies
  4 rats (D:3)
  11 briar patches
950 creatures vanquished.

Vanquished Creatures (collateral kills)
  A thorn hunter (Swamp:4)
  4 nagarajas (Snake:4)
  2 naga warriors (Snake:4)
  5 hydras
  An ice dragon (D:15)
  2 vault guards (D:13)
  A two-headed ogre (D:12)
  An anaconda (Snake:4)
  4 naga sharpshooters (Snake:4)
  4 skeletal warriors (D:11)
  A naga ritualist (Snake:4)
  A lindwurm (Snake:4)
  4 swamp dragons (Swamp:4)
  A black mamba (Snake:4)
  8 naga magi (Snake:4)
  A slime creature (Swamp:4)
  A tarantella (shapeshifter) (D:11)
  A wraith (D:13)
  A swamp worm (Swamp:4)
  4 nagas (Snake:4)
  An acid dragon (D:15)
  A swamp drake (Swamp:4)
  2 orc warriors (D:11)
  A bullfrog (D:11)
  A hound (D:14)
  A jelly (D:11)
  2 orc wizards (D:11)
  A worker ant (D:11)
  4 orcs
  A briar patch (Swamp:3)
63 creatures vanquished.

Vanquished Creatures (others)
  A naga mage (Snake:4)
  A swamp worm (shapeshifter) (D:13)
  A howler monkey (D:14)
  An orc wizard (D:13)
  A worker ant (Lair:3)
  7 briar patches
  27 fungi
  34 plants
  2 withered plants (Ossuary)
75 creatures vanquished.

Grand Total: 1088 creatures vanquished

Notes
Turn   | Place    | Note
-------+----------+-------------------------------------------
     0 | D:1      | Flugslaktarn the Deep Dwarf Fighter began the quest for the
                  | Orb.
     0 | D:1      | Reached XP level 1. HP: 20/20 MP: 1/1
   238 | D:2      | Noticed Robin
   244 | D:2      | Reached XP level 2. HP: 24/27 MP: 2/2
   258 | D:2      | Killed Robin
   258 | D:2      | Reached skill level 1 in Dodging
   258 | D:2      | Reached XP level 3. HP: 18/34 MP: 3/3
   262 | D:2      | Reached skill level 3 in Axes
   263 | D:2      | Found a broken altar of Ashenzari.
   592 | D:3      | Reached XP level 4. HP: 38/42 MP: 4/4
   623 | D:4      | Noticed an ogre
   637 | D:4      | Killed an ogre
   637 | D:4      | Reached XP level 5. HP: 38/50 MP: 5/5
   637 | D:4      | Reached skill level 4 in Axes
   712 | D:4      | Found a sand-covered staircase.
   736 | Ossuary  | Entered an ossuary
   763 | Ossuary  | Reached XP level 6. HP: 48/57 MP: 5/5
   860 | Ossuary  | Reached skill level 5 in Axes
   881 | Ossuary  | Reached XP level 7. HP: 34/66 MP: 6/6
   892 | Ossuary  | Got a sparkling tin ring
   952 | D:4      | Identified the cursed ring "Buenemp" {Str-4 Dex+2 Stlth+}
                  | (You found it in an ossuary)
  1121 | D:4      | Reached skill level 5 in Fighting
  1464 | D:4      | Found a staircase to the Ecumenical Temple.
  1469 | Temple   | Entered the Ecumenical Temple
  1503 | Temple   | Became a worshipper of Makhleb the Destroyer
  1558 | D:5      | Entered Level 5 of the Dungeon
  1724 | D:5      | Reached skill level 1 in Invocations
  1861 | D:5      | Reached skill level 1 in Evocations
  2042 | D:5      | Reached skill level 6 in Axes
  2042 | D:5      | Reached skill level 5 in Armour
  2487 | D:6      | Reached XP level 8. HP: 36/75 MP: 8/8
  2493 | D:6      | Noticed Pikel
  2513 | D:6      | Killed Pikel
  2550 | D:6      | Noticed Edmund
  2572 | D:6      | Killed Edmund
  2655 | D:6      | Found a shimmering altar of Xom.
  2655 | D:6      | Found a shimmering altar of Xom.
  2656 | D:6      | Found a shimmering altar of Xom.
  2656 | D:6      | Found a shimmering altar of Xom.
  2659 | D:6      | Found a shimmering altar of Xom.
  2662 | D:6      | Found a shimmering altar of Xom.
  2663 | D:6      | Found a shimmering altar of Xom.
  2824 | D:6      | Reached skill level 7 in Axes
  2939 | D:7      | Reached * piety under Makhleb
  3011 | D:7      | Gained mutation: You passively map the area around you.
                  | [Deep Dwarf growth]
  3011 | D:7      | Reached XP level 9. HP: 41/85 MP: 9/9
  3076 | D:7      | Found Poraij's Magic Scroll Shop.
  3085 | D:7      | Bought a scroll of enchant weapon for 90 gold pieces
  3309 | D:7      | Reached ** piety under Makhleb
  3804 | D:8      | Reached skill level 5 in Dodging
  3990 | D:8      | Reached skill level 8 in Axes
  4152 | D:8      | Reached skill level 5 in Invocations
  4172 | D:8      | Noticed a two-headed ogre
  4190 | D:8      | Killed a two-headed ogre
  4190 | D:8      | Reached skill level 5 in Evocations
  4190 | D:8      | Reached XP level 10. HP: 56/96 MP: 8/10
  4334 | D:8      | Noticed Grum
  4338 | D:8      | Reached *** piety under Makhleb
  4351 | D:8      | Killed Grum
  4559 | D:9      | Noticed a two-headed ogre
  4573 | D:9      | Killed a two-headed ogre
  4573 | D:9      | Reached skill level 9 in Axes
  4620 | D:9      | Found a staircase to the Lair.
  4872 | D:10     | Entered Level 10 of the Dungeon
  5460 | D:10     | Reached **** piety under Makhleb
  5540 | D:11     | Noticed a deep elf archer
  5560 | D:11     | Reached skill level 10 in Axes
  5577 | D:11     | Killed a deep elf archer
  5577 | D:11     | Reached XP level 11. HP: 43/104 MP: 11/11
  5608 | D:11     | Noticed a skeletal warrior
  5636 | D:11     | Noticed a skeletal warrior
  5662 | D:11     | Killed a skeletal warrior
  5675 | D:11     | Killed a skeletal warrior
  5711 | D:11     | Killed an unseen horror
  5743 | D:11     | Noticed a skeletal warrior
  5763 | D:11     | Killed a skeletal warrior
  5979 | D:11     | Noticed Maurice
  5997 | D:11     | Killed Maurice
  6052 | D:11     | Noticed Harold
  6070 | D:11     | Killed Harold
  6100 | D:11     | Reached skill level 11 in Axes
  6447 | D:11     | Found a staircase to the Orcish Mines.
  6581 | D:11     | Reached ***** piety under Makhleb
  6677 | D:11     | Identified the amulet "Xoneles" {Acrobat rF++}
  6677 | D:11     | Noticed a skeletal warrior
  6710 | D:11     | Killed a skeletal warrior
  6710 | D:11     | Reached XP level 12. HP: 25/116 MP: 9/9
  6728 | D:11     | Got an ancient lapis lazuli ring
  6737 | D:11     | Got a heavily runed golden ring
  6740 | D:11     | Got a smoking lead ring
  6813 | D:11     | Identified the ring "Jiyc" {Wiz Str+5} (You found it on
                  | level 11 of the Dungeon)
  6815 | D:11     | Identified the ring "Tack" {+Blink rF+} (You found it on
                  | level 11 of the Dungeon)
  6817 | D:11     | Identified the ring of Wain {Wiz MR- MP+9 Int+3 Stlth+}
                  | (You found it on level 11 of the Dungeon)
  6883 | D:12     | Reached skill level 10 in Fighting
  7380 | D:12     | Noticed a two-headed ogre
  7396 | D:12     | Killed a two-headed ogre
  7486 | D:13     | Noticed a catoblepas
  7499 | D:13     | Killed a catoblepas
  7499 | D:13     | Reached skill level 5 in Shields
  7555 | D:13     | Noticed a five-headed hydra
  7564 | D:13     | Noticed Sonja
  7577 | D:13     | Killed a ten-headed hydra
  7585 | D:13     | Reached skill level 12 in Axes
  7588 | D:13     | Killed Sonja
  7626 | D:13     | Noticed a centaur warrior
  7644 | D:13     | Killed a centaur warrior
  7663 | D:13     | Noticed a six-headed hydra
  7669 | D:13     | Noticed Josephine
  7678 | D:13     | Killed a seven-headed hydra
  7699 | D:13     | Killed Josephine
  7788 | D:13     | Reached XP level 13. HP: 43/126 MP: 10/10
  7843 | D:13     | Found a gate to the Vaults.
  8292 | D:14     | Found a portal to a secret trove of treasure.
  8591 | D:14     | Reached skill level 10 in Invocations
  8664 | D:14     | Reached skill level 10 in Evocations
  8677 | D:14     | Reached skill level 13 in Axes
  8757 | D:14     | Reached skill level 10 in Armour
  9101 | D:15     | Entered Level 15 of the Dungeon
  9231 | D:15     | Noticed Jorgrun
  9265 | D:15     | Killed Jorgrun
  9265 | D:15     | Gained mutation: You resist negative energy. (rN+) [Deep
                  | Dwarf growth]
  9265 | D:15     | Reached XP level 14. HP: 136/136 MP: 8/8
  9589 | D:15     | Found a runed translucent door.
  9805 | D:15     | Found a staircase to the Depths.
 10127 | Lair:1   | Entered Level 1 of the Lair of Beasts
 10188 | Lair:1   | Found a gate leading to a gauntlet.
 10336 | Gauntlet | Entered a Gauntlet
 10336 | Gauntlet | Found a transporter.
 10346 | Gauntlet | Found a transporter.
 10354 | Gauntlet | Found a transporter.
 10356 | Gauntlet | Found a transporter.
 10373 | Gauntlet | Found a transporter.
 10375 | Gauntlet | Found the +6 Majin-Bo {vamp, MP+6 Int+6}
 10381 | Gauntlet | Found a transporter.
 10389 | Gauntlet | Found a runed translucent door.
 10392 | Gauntlet | Found a transporter.
 10401 | Gauntlet | Found a transporter.
 10419 | Gauntlet | Found a transporter.
 10430 | Gauntlet | Found a transporter.
 10472 | Gauntlet | Found a transporter.
 10486 | Gauntlet | Found a transporter.
 10495 | Gauntlet | Found a transporter.
 10498 | Gauntlet | Found a transporter.
 10587 | Gauntlet | Got a pair of scorched gloves
 10598 | Gauntlet | Identified the +0 pair of gloves "Pocet" {rElec} (You found
                  | it in a Gauntlet)
 10908 | Lair:1   | Gained mutation: [Your magical capacity is low. (-10% MP)]
                  | [potion of mutation]
 10908 | Lair:1   | Gained mutation: You are agile. (Dex +2) [potion of
                  | mutation]
 10908 | Lair:1   | Gained mutation: Your flesh is cold resistant. (rC+)
                  | [potion of mutation]
 10908 | Lair:1   | Gained mutation: Your flesh is heat resistant. (rF+)
                  | [potion of mutation]
 10973 | Lair:1   | Reached skill level 14 in Axes
 11035 | Lair:1   | HP: 4/138 [12-headed hydra (5)]
 11473 | Lair:2   | Identified a scroll of acquirement
 11473 | Lair:2   | Acquired a +0 broad axe of electrocution
 11494 | Lair:2   | Found a staircase to the Snake Pit.
 11998 | Lair:3   | Reached skill level 10 in Shields
 12191 | Lair:3   | Found a staircase to the Swamp.
 12208 | Lair:3   | Reached skill level 15 in Axes
 12520 | Orc:1    | Entered Level 1 of the Orcish Mines
 12737 | Orc:2    | Entered Level 2 of the Orcish Mines
 12737 | Orc:2    | Found a staircase to the Elven Halls.
 12798 | Orc:2    | Reached ****** piety under Makhleb
 12823 | Orc:2    | Found Imatowoz's General Store.
 12826 | Orc:2    | Found Fasmow's Distillery.
 12912 | Orc:2    | Reached XP level 15. HP: 95/146 MP: 5/5
 13213 | Orc:2    | Gained mutation: [Your spells are a little easier to cast,
                  | but a little less powerful.] [a neqoxec]
 13366 | Orc:2    | Found Celos's Book Boutique.
 13366 | Orc:2    | Found Iwketops's Antique Weapon Shop.
 13366 | Orc:2    | Found a one-way gate leading to the halls of Pandemonium.
 13890 | Orc:1    | Reached skill level 16 in Axes
 13899 | Orc:1    | Noticed Urug
 13912 | Orc:1    | Killed Urug
 14249 | Snake:1  | Entered Level 1 of the Snake Pit
 14374 | Snake:1  | Noticed Louise
 14446 | Snake:1  | Killed Louise
 14625 | Snake:3  | Noticed Donald
 14646 | Snake:3  | Killed Donald
 14722 | Snake:3  | Reached skill level 17 in Axes
 14729 | Snake:3  | Found a transporter.
 14795 | Snake:4  | Entered Level 4 of the Snake Pit
 14801 | Snake:4  | Noticed Aizul
 14830 | Snake:4  | Killed Aizul
 14941 | Snake:4  | Reached XP level 16. HP: 115/157 MP: 2/3
 15259 | Snake:4  | Noticed Vashnia
 15296 | Snake:4  | Reached skill level 18 in Axes
 15314 | Snake:4  | Killed Vashnia
 15463 | Snake:4  | Got a serpentine rune of Zot
 15654 | Snake:2  | Reached XP level 17. HP: 162/168 MP: 0/5
 15703 | Snake:2  | Found Siumpist's Magic Scroll Emporium.
 15709 | Snake:2  | Bought a scroll of enchant armour for 112 gold pieces
 15709 | Snake:2  | Bought a scroll of enchant weapon for 112 gold pieces
 15709 | Snake:2  | Bought a scroll of magic mapping for 52 gold pieces
 15709 | Snake:2  | Bought a scroll of magic mapping for 52 gold pieces
 15916 | Swamp:1  | Entered Level 1 of the Swamp
 15973 | Swamp:1  | Found a runed translucent door.
 16455 | Swamp:2  | Reached skill level 15 in Fighting
 16552 | Swamp:3  | HP: 2/170 [thorn hunter/volley of thorns (39)]
 16915 | Orc:2    | Bought a potion of curing for 45 gold pieces
 16915 | Orc:2    | Bought a potion of curing for 45 gold pieces
 16915 | Orc:2    | Bought a potion of heal wounds for 75 gold pieces
 16915 | Orc:2    | Bought a potion of heal wounds for 75 gold pieces
 16915 | Orc:2    | Bought a potion of heal wounds for 75 gold pieces
 16915 | Orc:2    | Bought a potion of might for 60 gold pieces
 17316 | Swamp:4  | Entered Level 4 of the Swamp
 17913 | Swamp:4  | Noticed the 27-headed Lernaean hydra
 17940 | Swamp:4  | Killed the 26-headed Lernaean hydra
 17951 | Swamp:4  | Reached skill level 15 in Shields
 18039 | Swamp:4  | Got a decaying rune of Zot
 18445 | D:15     | Gained mutation: [You occasionally shout uncontrollably at
                  | your foes.] [mutagenic glow]
 18507 | D:15     | Cast into level 3 of the Abyss (unwielding a weapon of
                  | distortion)
 18508 | Abyss:3  | Found a corrupted altar of Lugonu.
 18516 | Abyss:3  | Found an ornate altar of the Wu Jian Council.
 18617 | Abyss:3  | Gained mutation: [Your magical capacity is very low. (-20%
                  | MP)] [a neqoxec]
 18691 | Abyss:3  | Noticed a quicksilver dragon
 18714 | Abyss:3  | HP: 3/136 [quicksilver dragon/bolt of dispelling energy
                  | (28)]
 18720 | Abyss:3  | Killed from afar by a quicksilver dragon

Illustrated notes

Levels and vault maps discovered:
D:1:      lemuel_arrival_funnel, layout_loops_ring
D:2:      layout_basic, nicolae_ashenzari_panopticon, uniq_robin, uniq_terence
D:3:      minmay_evil_eye, layout_loops_cross
D:4:      layout_basic, temple_doors_ab, nicolae_ossuary_entry_ruins
D:5:      layout_gridville
D:6:      layout_basic, xom_redecorated, uniq_edmund, uniq_pikel
D:7:      layout_basic, serial_shops, shop, minmay_misc_feat_enclosed,
          kennysheep_big_empty_room, minmay_circle_x
D:8:      layout_basic, serial_glass, glass_columns_a, glass_columns_c,
          uniq_grum
D:9:      layout_long_grid, due_lair_maze_entry_diamond
D:10:     layout_roguey
D:11:     minmay_the_grid_triangle_9x9_rhombus_thin
          [minmay_the_grid_triangle_9x9_minimal,
          minmay_the_grid_triangle_9x9_prize_special,
          minmay_the_grid_triangle_9x9_impossible_snake,
          minmay_the_grid_triangle_9x9_swiss_cheese], layout_irregular_city,
          hiddenorc1_lemuel, kb_rosetta, uniq_maurice, uniq_harold
D:12:     layout_basic, kennysheep_generic_room_9
D:13:     layout_long_grid, lightli_vaults_fourway_checkpoint, uniq_sonja,
          uniq_josephine
D:14:     minmay_polygon_palace, layout_basic, enter_trove_1,
          minmay_misc_feat_alley, hex_tiny
D:15:     grunt_enter_depths_hoard, layout_basic, chequers_decorated_corner,
          minmay_crystal_box, uniq_jorgrun
Temple:   regret_index_temple_chain_breaker
Lair:1:   beast_lair_carwin_large_1, layout_chaotic_city,
          gauntlet_entry_generic, lemuel_oklob_altar
Lair:2:   layout_gridlike, guppyfry_snake_entry_garden, grunt_megastairs_5
Lair:3:   dpeg_oklob_gauntlet, layout_cellular_growth, minmay_swamp_entry_wisps,
          chequers_serial_rivers_micro_d, zaba_anthell
Swamp:1:  layout_falls_marsh, ebering_ghost_reflecting_pool,
          evilmike_swamp_ruin_rubble_1, infiniplex_staircase_pool_2
Swamp:2:  layout_basic_swamp, evilmike_swamp_ruin_house_3,
          hangedman_swamp_diagram
Swamp:3:  layout_falls_marsh, evilmike_swamp_ruin_rubble_2, uniq_kirke
Swamp:4:  swamp_old_school, layout_basic_swamp, swamp_pool1
Snake:1:  skrybe_snakes_to_sticks, layout_basic, grunt_ministairs_10,
          grunt_megastairs_2, minmay_shop_grove, uniq_louise
Snake:2:  layout_onion_interference, minmay_shop_grid_forest,
          serial_bayou_pond_e
Snake:3:  layout_onion, gammafunk_ghost_wrathful_warriors, uniq_donald
Snake:4:  snake_pit_salamanders_mu, layout_onion_interference, uniq_vashnia,
          uniq_aizul
Orc:1:    layout_caves, uniq_urug
Orc:2:    pf_orc_diabolical, layout_caves
Abyss:3:  base: Lair:3, nicolae_abyss_rune_left_handed,
          hangedman_stitches_earthworm

Skill      XL: |  1  2  3  4  5  6  7  8  9 10 11 12 13 14 15 16 17 |
---------------+----------------------------------------------------+-----
Fighting       | 3 4 5 6 7 8 9 10 11 12 13 14 15 | 15.5
Dodging        | 1 2 3 4 5 6 7 |  7.6
Axes           | 3 4 5 6 7 8 10 11 12 13 15 17 18 | 18.0
Armour         | 4 5 6 7 8 9 10 11 12 13 | 13.4
Invocations    | 1 3 5 6 8 9 10 11 12 13 14 | 14.6
Evocations     | 1 3 5 6 8 9 10 | 10.0
Shields        | 6 8 10 12 13 15 | 15.1

Action                   |  1- 3 |  4- 6 |  7- 9 | 10-12 | 13-15 | 16-18 || total
-------------------------+-------+-------+-------+-------+-------+-------++-------
Melee: War axe           |    90 |   120 |   421 |   453 |       |       ||  1084
       Broad axe         |       |       |       |   342 |  1401 |   769 ||  2512
Invok: Lesser Servant of |       |       |       |    10 |    13 |     7 ||    30
       Greater Servant o |       |       |       |       |     1 |     6 ||     7
 Abil: Heal Wounds       |     1 |     3 |    15 |    27 |    34 |    25 ||   105
Evoke: Wand              |       |       |     3 |     6 |       |       ||     9
       Condenser vane    |       |       |       |       |     4 |     2 ||     6
  Use: Scroll            |       |       |    10 |     3 |    20 |     4 ||    37
       Potion            |       |       |     5 |       |     7 |    10 ||    22
 Stab: Distracted        |       |       |       |     4 |     5 |     3 ||    12
       Invisible         |       |       |       |       |       |     7 ||     7
       Confused          |       |       |       |       |       |     1 ||     1
Armor: Scale mail        |    75 |    40 |   142 |       |       |       ||   257
       Chain mail        |       |       |    40 |   585 |   656 |       ||  1281
       Plate armour      |       |       |       |       |    56 |   374 ||   430
Dodge: Dodged            |    43 |    44 |   195 |   501 |   697 |   439 ||  1919
Block: Kite shield       |    63 |    65 |   251 |   552 |   368 |       ||  1299
       Tower shield      |       |       |       |       |   991 |   855 ||  1846

Table legend: (Time is in decaauts)
 A = Elapsed time spent in this place.
 B = Non-inter-level travel time spent in this place.
 C = Inter-level travel time spent in this place.
 D = Time resting spent in this place.
 E = Time spent auto-exploring this place.
 F = Levels seen in this place.
 G = Mean time per level.
                   A        B        C        D        E       F      G
               +--------+--------+--------+--------+--------+-----+--------+
         Total |  18988 |  16492 |   2496 |    464 |   9610 |  32 |  593.4 |
       Dungeon |  10710 |   9703 |   1007 |    119 |   6318 |  15 |  714.0 |
        Temple |     44 |     29 |     15 |      0 |     17 |   1 |   44.0 |
          Lair |   2181 |   1581 |    600 |      0 |   1058 |   3 |  727.0 |
         Swamp |   1955 |   1517 |    438 |      0 |    897 |   4 |  488.8 |
     Snake Pit |   1468 |   1199 |    269 |      0 |    279 |   4 |  367.0 |
  Orcish Mines |   1632 |   1467 |    165 |    245 |    701 |   2 |  816.0 |
         Abyss |    192 |    192 |      0 |      0 |     83 |   1 |  192.0 |
       Ossuary |    251 |    251 |      0 |      0 |     35 |   1 |  251.0 |
      Gauntlet |    551 |    551 |      0 |    100 |    221 |   1 |  551.0 |
               +--------+--------+--------+--------+--------+-----+--------+

Top non-repeatable levels by time:
    D:11: 1715 daAuts
   Orc:2: 1217 daAuts
    D:15: 1031 daAuts
    D:14: 928 daAuts
     D:7: 908 daAuts
     D:5: 869 daAuts
  Lair:2: 864 daAuts
    D:13: 843 daAuts
 Swamp:4: 842 daAuts
     D:9: 805 daAuts
 Snake:4: 743 daAuts
     D:4: 698 daAuts
  Lair:1: 695 daAuts
  Lair:3: 621 daAuts
    D:12: 614 daAuts
